Map: Bridgehead LE (Void)

Players

Matiz - Winner!

  • Race: Zerg Zerg
  • League: Master

CoraZ

  • Race: Zerg Zerg
  • League: Gold

Event: Lycan League Weekly August #2

VOD

Have the link to the VOD?

Description

Time

  • Played on: Aug. 10, 2015, 12:08 p.m.
  • Length: 3:44

All games in this series

Show
View Real Time Build Order
Export as new Build Order

Matiz Zerg - Winner!

Build Orders: Pool Only, Zergling Baneling 

Get SALT Encoding   

  12  0:02  Drone  
  13  0:16  Drone  
  13  0:20  Drone, Extractor  
  14  0:33  Spawning Pool  
  14  0:35  Drone  
  14  0:45  Extractor  
  14  0:46  Drone  
  15  0:51  Overlord  
  15  1:20  Zergling x6  
  15  1:21  Metabolic Boost  
  15  1:25  Queen  
  18  1:32  Zergling x2  
  21  1:42  Baneling Nest  
  21  1:44  Zergling x2  
  21  1:54  Overlord  
  21  2:05  Zergling x2  
  21  2:24  Zergling x2  
  22  2:33  Baneling x5  
  22  2:34  Zergling x2  
  22  2:35  Zergling x6  
  26  2:39  Zergling x2  
  25  3:01  Zergling x6  
  25  3:03  Baneling  
  25  3:04  Baneling  
  26  3:12  Zergling x2  
  27  3:16  Baneling x2  
  26  3:26  Zergling x8  
Show
View Real Time Build Order
Export as new Build Order

CoraZ Zerg 

Build Orders: Pool First 

Get SALT Encoding   

  12  0:01  Drone  
  13  0:09  Drone  
  14  0:18  Extractor  
  14  0:19  Drone  
  15  0:24  Overlord  
  15  0:44  Drone x2  
  15  0:48  Spawning Pool  
  15  0:49  Drone  
  17  0:54  Extractor  
  16  0:57  Drone  
  17  1:08  Drone  
  18  1:22  Overlord  
  18  1:34  Drone  
  18  1:36  Hatchery  
  18  1:41  Queen  
  20  1:51  Spine Crawler  
  19  1:55  Zergling x2  
  19  1:59  Zergling x2  
  21  2:04  Zergling x2  
  22  2:14  Zergling x2  
  23  2:35  Queen  
  25  2:40  Drone x2  
  18  3:04  Zergling x4  
  18  3:05  Zergling x2  
  20  3:11  Spine Crawler  

Tags
 
Add a new tag
Caveats
  • Supply blocks, unpowered buildings, or Contaminate may cause inaccurate times.
  • Supply counts are checked every 10 seconds.